| TOP OF THE 1ST |
|
University of California Golden Bears batting - Pitching for Washington State University Cougars : RHP Briruc Fenuku
|
|
Pitching: RHP Briruc Fenuku
|
|
|
Batting: LHB Luis Orellana
|
0-0: Ball 1-0: Swinging Strike 1-1: Ball 2-1: Foul Ball, location: 2F 2-2: Foul Ball, location: 2F 2-2: Hit by Pitch
|
|
Batting: LHB Mario Molina
|
0-0: Ball 1-0: Ball 2-0: Called Strike 2-1: Called Strike 2-2: Ball 3-2: Fly out, F8 (Flyball, 8RM, EV 94.4 MPH)
|
|
Batting: LHB Carlos Gaona
|
0-0: Called Strike 0-1: Foul Ball, location: 2F 0-2: Foul Ball, location: 2F 0-2: Fly out, F7 (Flyball, 7, EV 93.8 MPH)
|
|
Batting: RHB Nate Mahon
|
0-0: Ball 1-0: Called Strike 1-1: Ground out 5-3 (Groundball, 56S, EV 83.8 MPH)
|
| Top of the 1st over - 0 runs, 0 hits, 0 errors, 1 left on base; University of California 0 - Washington State University 0 |
| BOTTOM OF THE 1ST |
|
Washington State University Cougars batting - Pitching for University of California Golden Bears : LHP Jackson Cote
|
|
Pitching: LHP Jackson Cote
|
|
|
Batting: LHB David Jackson
|
0-0: Ground out U3 (Groundball, 3S, EV 84.4 MPH)
|
|
Batting: LHB Israel Ariza
|
0-0: Ball 1-0: Called Strike 1-1: Ball 2-1: SINGLE (Line Drive, 7LM, EV 88.1 MPH)
|
|
Batting: SHB Juan Delanoval
|
0-0: Ball 1-0: Foul Ball, location: 2F 1-1: Ball 2-1: Ball 3-1: Foul Ball, location: 2F 3-2: Fly out, F7 (Line Drive, 78M, EV 97.5 MPH)
|
|
Batting: RHB Mas Langat
|
0-0: DOUBLE (Line Drive, 9LS, EV 103.8 MPH) Israel Ariza to third
|
|
Batting: LHB Scott Spillers
|
0-0: Ball 1-0: Ball 2-0: Called Strike 2-1: Foul Ball, location: 2F 2-2: Foul Ball, location: 2F 2-2: Ball 3-2: Fly out, F8 (Flyball, 8LD, EV 85.0 MPH)
|
| Bottom of the 1st over - 0 runs, 2 hits, 0 errors, 2 left on base; University of California 0 - Washington State University 0 |
| TOP OF THE 2ND |
|
University of California Golden Bears batting - Pitching for Washington State University Cougars : RHP Briruc Fenuku
|
|
Batting: SHB Nick Jansen
|
0-0: Called Strike 0-1: Foul Ball, location: 2F 0-2: Strikes out looking
|
|
Batting: RHB Jason Béllanger
|
0-0: Swinging Strike 0-1: Ball 1-1: Fly out, F8 (Flyball, 8LD, EV 101.2 MPH)
|
|
Batting: RHB Juan Debayle
|
0-0: Ball 1-0: SINGLE (Groundball, 56D, EV 110.0 MPH)
|
|
Batting: RHB Luis Rojas
|
0-0: Ball Juan Debayle steals 2nd base 1-0: Ball 2-0: Called Strike 2-1: Called Strike 2-2: Ball 3-2: Foul Ball, location: 2F 3-2: Fly out, F8 (Flyball, 8LXD, EV 92.5 MPH)
|
| Top of the 2nd over - 0 runs, 1 hit, 0 errors, 1 left on base; University of California 0 - Washington State University 0 |
| BOTTOM OF THE 2ND |
|
Washington State University Cougars batting - Pitching for University of California Golden Bears : LHP Jackson Cote
|
|
Batting: RHB Ryan Toth
|
0-0: Foul Ball, location: 2F 0-1: Fly out, F8 (Flyball, 78M, EV 95.6 MPH)
|
|
Batting: RHB Ron Essink
|
0-0: Called Strike 0-1: Ball 1-1: Swinging Strike 1-2: Strikes out swinging
|
|
Batting: RHB Dave DeLaMater
|
0-0: Ball 1-0: Foul Ball, location: 2F 1-1: Foul Ball, location: 2F 1-2: Ball 2-2: Foul Ball, location: 2F 2-2: Foul Ball, location: 2F 2-2: Foul Ball, location: 2F 2-2: Fly out, F7 (Flyball, 7, EV 85.0 MPH)
|
| Bottom of the 2nd over - 0 runs, 0 hits, 0 errors, 0 left on base; University of California 0 - Washington State University 0 |
| TOP OF THE 3RD |
|
University of California Golden Bears batting - Pitching for Washington State University Cougars : RHP Briruc Fenuku
|
|
Batting: RHB Jake Ralston
|
0-0: Ball 1-0: Fly out, F9 (Flyball, 9S, EV 83.8 MPH)
|
|
Batting: LHB Luis Orellana
|
0-0: Fly out, F9 (Line Drive, 9S, EV 90.6 MPH)
|
|
Batting: LHB Mario Molina
|
0-0: Called Strike 0-1: Ball 1-1: SINGLE (Line Drive, 8LS, EV 87.5 MPH)
|
|
Batting: LHB Carlos Gaona
|
0-0: Ball Wild Pitch! Mario Molina to second 1-0: Ball 2-0: Called Strike 2-1: Ball 3-1: Swinging Strike 3-2: Ground out 6-3 (Groundball, 6, EV 83.1 MPH)
|
| Top of the 3rd over - 0 runs, 1 hit, 0 errors, 1 left on base; University of California 0 - Washington State University 0 |
| BOTTOM OF THE 3RD |
|
Washington State University Cougars batting - Pitching for University of California Golden Bears : LHP Jackson Cote
|
|
Batting: RHB Briruc Fenuku
|
0-0: Ball 1-0: Swinging Strike 1-1: Ball 2-1: Fly out, F8 (Flyball, 8RM, EV 94.4 MPH)
|
|
Batting: LHB David Jackson
|
0-0: Ball 1-0: SINGLE (Groundball, 4MD, EV 103.8 MPH)
|
|
Batting: LHB Israel Ariza
|
0-0: Hit by Pitch David Jackson to second
|
|
Batting: SHB Juan Delanoval
|
0-0: 3-RUN HOME RUN (Line Drive, 7D, EV 101.9 MPH), Distance : 410 ft
|
|
Batting: RHB Mas Langat
|
0-0: Foul Ball, location: 2F 0-1: Called Strike 0-2: Ball 1-2: Ball 2-2: Strikes out swinging
|
|
Batting: LHB Scott Spillers
|
0-0: Ball 1-0: Fly out, F8 (Flyball, 8RD, EV 87.5 MPH)
|
| Bottom of the 3rd over - 3 runs, 2 hits, 0 errors, 0 left on base; University of California 0 - Washington State University 3 |
| TOP OF THE 4TH |
|
University of California Golden Bears batting - Pitching for Washington State University Cougars : RHP Briruc Fenuku
|
|
Batting: RHB Nate Mahon
|
0-0: Foul Ball, location: 2F 0-1: Swinging Strike 0-2: Foul Ball, location: 2F 0-2: Hit by Pitch
|
|
Batting: SHB Nick Jansen
|
0-0: Ball 1-0: Grounds into double play, 4-6-3 (Groundball, 4, EV 90.6 MPH)
|
|
Batting: RHB Jason Béllanger
|
0-0: Foul Ball, location: 2F 0-1: Foul Ball, location: 2F 0-2: DOUBLE (Flyball, 7LD, EV 98.1 MPH)
|
|
Batting: RHB Juan Debayle
|
0-0: Called Strike 0-1: Ball 1-1: Ball Balk! Jason Béllanger to third 2-1: Ground out 4-3 (Groundball, 4M, EV 107.5 MPH)
|
| Top of the 4th over - 0 runs, 1 hit, 0 errors, 1 left on base; University of California 0 - Washington State University 3 |
| BOTTOM OF THE 4TH |
|
Washington State University Cougars batting - Pitching for University of California Golden Bears : LHP Jackson Cote
|
|
Batting: RHB Ryan Toth
|
0-0: Called Strike 0-1: Swinging Strike 0-2: Ball 1-2: DOUBLE (Flyball, 78XD, EV 95.0 MPH)
|
|
Batting: RHB Ron Essink
|
0-0: Ball 1-0: Foul Ball, location: 2F 1-1: Ground out U3 (Groundball, 34, EV 97.5 MPH) Ryan Toth to third
|
|
Batting: RHB Dave DeLaMater
|
0-0: Called Strike 0-1: Ball 1-1: Swinging Strike 1-2: SINGLE (Groundball, 4, EV 106.9 MPH) (infield hit) Ryan Toth scores
|
|
Batting: RHB Briruc Fenuku
|
0-0: Ball 1-0: Foul Ball, location: 2F 1-1: Foul Ball, location: 2F 1-2: Foul Ball, location: 2F 1-2: Ball 2-2: Foul Ball, location: 2F 2-2: Foul Ball, location: 2F 2-2: Foul Ball, location: 2F 2-2: Ball 3-2: Base on Balls Dave DeLaMater to second
|
|
Batting: LHB David Jackson
|
0-0: Foul Ball, location: 2F 0-1: Foul Ball, location: 2F 0-2: Strikes out looking
|
|
Batting: LHB Israel Ariza
|
0-0: Ball 1-0: Ball 2-0: Fly out, F4 (Line Drive, 4, EV 73.1 MPH)
|
| Bottom of the 4th over - 1 run, 2 hits, 0 errors, 2 left on base; University of California 0 - Washington State University 4 |
| TOP OF THE 5TH |
|
University of California Golden Bears batting - Pitching for Washington State University Cougars : RHP Briruc Fenuku
|
|
Batting: RHB Luis Rojas
|
0-0: Foul Ball, location: 2F 0-1: Ball 1-1: Called Strike 1-2: Foul Ball, location: 2F 1-2: Ball 2-2: Ball 3-2: Ground out 4-3 (Groundball, 34D, EV 101.2 MPH)
|
|
Batting: RHB Jake Ralston
|
0-0: Fly out, F9 (Flyball, 9S, EV 88.1 MPH)
|
|
Batting: LHB Luis Orellana
|
0-0: Ball 1-0: Ball 2-0: Ball 3-0: Base on Balls
|
|
Batting: LHB Mario Molina
|
0-0: Ball Luis Orellana steals 2nd base 1-0: Ball 2-0: Foul Ball, location: 2F 2-1: Ground out U3 (Groundball, 13, EV 83.8 MPH)
|
| Top of the 5th over - 0 runs, 0 hits, 0 errors, 1 left on base; University of California 0 - Washington State University 4 |
| BOTTOM OF THE 5TH |
|
Washington State University Cougars batting - Pitching for University of California Golden Bears : LHP Jackson Cote
|
|
Batting: SHB Juan Delanoval
|
0-0: Foul Ball, location: 2F 0-1: Ball 1-1: SINGLE (Groundball, 6MS, EV 76.2 MPH) (infield hit)
|
|
Batting: RHB Mas Langat
|
0-0: Ball 1-0: Ball 2-0: Foul Ball, location: 2F 2-1: Foul Ball, location: 2F 2-2: Ball 3-2: SINGLE (Line Drive, 89M, EV 103.1 MPH) Juan Delanoval to second Juan Delanoval to third
|
|
Batting: LHB Scott Spillers
|
0-0: Foul Ball, location: 2F 0-1: Ball 1-1: Fly out, F8 (Line Drive, 8LM, EV 90.6 MPH) Runner from 3rd tags up, SCORES, throw by CF
|
|
Pitching: RHP Luis Lopez
|
|
|
Batting: RHB Ryan Toth
|
0-0: Ball 1-0: Foul Ball, location: 2F 1-1: Ball 2-1: Foul Ball, location: 2F 2-2: DOUBLE (Line Drive, 78M, EV 101.9 MPH) Mas Langat to third Runner from 3rd tries for Home, SAFE, throw by CF to home
|
|
Batting: RHB Ron Essink
|
0-0: Called Strike 0-1: Ball 1-1: Called Strike 1-2: Ball 2-2: Foul Ball, location: 2F 2-2: Ground out 5-3 (Groundball, 5S, EV 81.2 MPH)
|
|
Batting: RHB Dave DeLaMater
|
0-0: Foul Ball, location: 2F 0-1: Swinging Strike 0-2: Hit by Pitch
|
|
Batting: RHB Briruc Fenuku
|
0-0: Foul Ball, location: 2F 0-1: Ball 1-1: Ball 2-1: Ground out 3-1 (Groundball, 34S, EV 64.4 MPH)
|
| Bottom of the 5th over - 2 runs, 3 hits, 0 errors, 2 left on base; University of California 0 - Washington State University 6 |
| TOP OF THE 6TH |
|
University of California Golden Bears batting - Pitching for Washington State University Cougars : RHP Briruc Fenuku
|
|
Batting: LHB Carlos Gaona
|
0-0: Called Strike 0-1: Called Strike 0-2: Strikes out swinging
|
|
Batting: RHB Nate Mahon
|
0-0: Ball 1-0: Swinging Strike 1-1: Ball 2-1: Called Strike 2-2: Ball 3-2: SINGLE (Groundball, 56D, EV 100.6 MPH)
|
|
Pitching: RHP Rogelio Perez
|
|
|
Batting: SHB Nick Jansen
|
0-0: Swinging Strike 0-1: Foul Ball, location: 2F 0-2: Foul Ball, location: 2F 0-2: Ball 1-2: Fly out, F8 (Line Drive, 8RM, EV 92.5 MPH)
|
|
Batting: RHB Jason Béllanger
|
0-0: Foul Ball, location: 2F 0-1: Fly out, F7 (Line Drive, 7, EV 88.1 MPH)
|
| Top of the 6th over - 0 runs, 1 hit, 0 errors, 1 left on base; University of California 0 - Washington State University 6 |
| BOTTOM OF THE 6TH |
|
Washington State University Cougars batting - Pitching for University of California Golden Bears : RHP Luis Lopez
|
|
Batting: LHB David Jackson
|
0-0: Called Strike 0-1: Ball 1-1: Foul Ball, location: 2F 1-2: Ground out 3-1 (Groundball, 34, EV 77.5 MPH)
|
|
Batting: LHB Israel Ariza
|
0-0: Fly out, F7 (Flyball, 7D, EV 81.9 MPH)
|
|
Batting: SHB Juan Delanoval
|
0-0: Ball 1-0: Fly out, F9 (Flyball, 9D, EV 94.4 MPH)
|
| Bottom of the 6th over - 0 runs, 0 hits, 0 errors, 0 left on base; University of California 0 - Washington State University 6 |
| TOP OF THE 7TH |
|
University of California Golden Bears batting - Pitching for Washington State University Cougars : RHP Rogelio Perez
|
|
Batting: RHB Juan Debayle
|
0-0: Called Strike 0-1: Called Strike 0-2: Ball 1-2: Ball 2-2: Ball 3-2: Strikes out swinging
|
|
Batting: RHB Luis Rojas
|
0-0: Ball 1-0: Ball 2-0: Ball 3-0: Swinging Strike 3-1: Swinging Strike 3-2: Strikes out swinging
|
|
Batting: RHB Jake Ralston
|
0-0: Ground out 3-1 (Groundball, 34S, EV 84.4 MPH)
|
| Top of the 7th over - 0 runs, 0 hits, 0 errors, 0 left on base; University of California 0 - Washington State University 6 |
| BOTTOM OF THE 7TH |
|
Washington State University Cougars batting - Pitching for University of California Golden Bears : RHP Luis Lopez
|
|
Batting: RHB Mas Langat
|
0-0: Swinging Strike 0-1: Ball 1-1: Ball 2-1: SINGLE (Groundball, 34D, EV 103.1 MPH)
|
|
Pitching: RHP Jim Plessis
|
|
|
Batting: LHB Scott Spillers
|
0-0: Ball Wild Pitch! Mas Langat to second 1-0: Foul Ball, location: 2F 1-1: Foul Ball, location: 2F 1-2: Ball 2-2: Foul Ball, location: 2F 2-2: Foul Ball, location: 2F 2-2: Strikes out swinging
|
|
Batting: RHB Ryan Toth
|
0-0: Ball 1-0: Ball 2-0: Ground out U3 (Groundball, 34, EV 87.5 MPH) Mas Langat to third
|
|
Batting: RHB Ron Essink
|
0-0: Ball 1-0: Ball 2-0: Fly out, F7 (Flyball, 7D, EV 106.9 MPH)
|
| Bottom of the 7th over - 0 runs, 1 hit, 0 errors, 1 left on base; University of California 0 - Washington State University 6 |
| TOP OF THE 8TH |
|
University of California Golden Bears batting - Pitching for Washington State University Cougars : RHP Rogelio Perez
|
|
Pitching: RHP Teddy Barber
|
|
|
Batting: LHB Luis Orellana
|
0-0: Ground out 4-3 (Groundball, 4S, EV 86.2 MPH)
|
|
Batting: LHB Mario Molina
|
0-0: Swinging Strike 0-1: Foul Ball, location: 2F 0-2: Foul Ball, location: 2F 0-2: Ball 1-2: Ball 2-2: Foul Ball, location: 2F 2-2: Ball 3-2: Base on Balls
|
|
Batting: LHB Carlos Gaona
|
0-0: Ball 1-0: Ball 2-0: 2-RUN HOME RUN (Flyball, 9LD, EV 91.2 MPH), Distance : 354 ft
|
|
Batting: RHB Nate Mahon
|
0-0: Called Strike 0-1: Ground out 5-3 (Groundball, 56, EV 100.6 MPH)
|
|
Batting: SHB Nick Jansen
|
0-0: Fly out, F9 (Flyball, 89M, EV 89.4 MPH)
|
| Top of the 8th over - 2 runs, 1 hit, 0 errors, 0 left on base; University of California 2 - Washington State University 6 |
| BOTTOM OF THE 8TH |
|
Washington State University Cougars batting - Pitching for University of California Golden Bears : RHP Jim Plessis
|
|
Batting: RHB Dave DeLaMater
|
0-0: Called Strike 0-1: Ball 1-1: Ball 2-1: Ball 3-1: Base on Balls
|
|
Batting: RHB Briruc Fenuku
|
0-0: Sac Bunt to 25 - play at first, batter OUT! 5-3 Dave DeLaMater to second
|
|
Batting: LHB David Jackson
|
0-0: Ball 1-0: Ball 2-0: Ball 3-0: Ground out 4-3 (Groundball, 4M, EV 101.9 MPH) Dave DeLaMater to third
|
|
Batting: LHB Israel Ariza
|
0-0: Ball 1-0: SINGLE (Groundball, 56, EV 98.8 MPH) Dave DeLaMater scores
|
|
Pitching: RHP Steve Clothier
|
|
|
Batting: SHB Juan Delanoval
|
0-0: Ball 1-0: Ball 2-0: Called Strike 2-1: Swinging Strike 2-2: Foul Ball, location: 2F 2-2: Foul Ball, location: 2F 2-2: Foul Ball, location: 2F 2-2: Ball 3-2: Strikes out swinging
|
| Bottom of the 8th over - 1 run, 1 hit, 0 errors, 1 left on base; University of California 2 - Washington State University 7 |
| TOP OF THE 9TH |
|
University of California Golden Bears batting - Pitching for Washington State University Cougars : RHP Teddy Barber
|
|
Pitching: RHP Randolph Batten
|
|
|
Batting: RHB Jason Béllanger
|
0-0: Ball 1-0: Foul Ball, location: 2F 1-1: Ball 2-1: Swinging Strike 2-2: SINGLE (Groundball, 6D, EV 103.1 MPH)
|
|
Batting: RHB Juan Debayle
|
0-0: Called Strike 0-1: Ball 1-1: Fly out, F9 (Flyball, 9D, EV 103.8 MPH)
|
|
Batting: RHB Luis Rojas
|
0-0: Called Strike 0-1: DOUBLE (Groundball, 5L, EV 109.4 MPH) Jason Béllanger to third
|
|
Pinch Hitting: RHB Marcos Zamora
|
0-0: Swinging Strike 0-1: Ball 1-1: Fly out, F9 (Line Drive, 9, EV 99.4 MPH)
|
|
Batting: LHB Luis Orellana
|
0-0: Ball 1-0: Foul Ball, location: 2F 1-1: SINGLE (Groundball, 4MD, EV 106.9 MPH) Jason Béllanger scores Luis Rojas to third
|
|
Pitching: RHP Arthur Scholten
|
|
|
Batting: LHB Mario Molina
|
0-0: Called Strike 0-1: Swinging Strike 0-2: Foul Ball, location: 2F 0-2: Ball 1-2: SINGLE (Groundball, 4M, EV 93.8 MPH) (infield hit) Luis Rojas scores Luis Orellana to second
|
|
Batting: LHB Carlos Gaona
|
0-0: Foul Ball, location: 2F 0-1: Ball 1-1: Fly out, F7 (Flyball, 7LSF, EV 91.2 MPH)
|
| Top of the 9th over - 2 runs, 4 hits, 0 errors, 2 left on base; University of California 4 - Washington State University 7 |
|